IL
CHARLOTTE KNIGHTS @ PAWTUCKET RED SOX
04/11/2049
 
TOP OF THE 1ST
Charlotte Knights batting - Pitching for Pawtucket Red Sox : RHP Justin Stinson
Pitching: RHP Justin Stinson
Batting: RHB Jeremy Hoffert 0-0: Called Strike
0-1: Called Strike
0-2: Hit by Pitch
Batting: LHB Justin Stickney 0-0: Called Strike
Jeremy Hoffert steals 2nd base
0-1: Foul Ball, location: 2F
0-2: Foul Ball, location: 2F
0-2: Foul Ball, location: 2F
0-2: Ball
1-2: Strikes out looking
Batting: SHB Ruben Velasco Jr. 0-0: DOUBLE (Line Drive, 8RD, EV 103.1 MPH)
Jeremy Hoffert scores
Batting: RHB Mark Jones 0-0: Called Strike
0-1: Swinging Strike
0-2: Ball
1-2: Foul Ball, location: 2F
1-2: Strikes out swinging
Batting: LHB John Thurman 0-0: Ball
1-0: Swinging Strike
1-1: Ground out 4-3 (Groundball, 34, EV 84.4 MPH)
Top of the 1st over - 1 run, 1 hit, 0 errors, 1 left on base; Charlotte 1 - Pawtucket 0
BOTTOM OF THE 1ST
Pawtucket Red Sox batting - Pitching for Charlotte Knights : LHP Jamie Blake
Pitching: LHP Jamie Blake
Batting: RHB Matt Hinkle 0-0: Called Strike
0-1: Ball
1-1: Foul Ball, location: 2F
1-2: Ball
2-2: Ground out 6-3 (Groundball, 56, EV 98.1 MPH)
Batting: RHB Roberto Morales 0-0: Ball
1-0: Fly out, F8 (Flyball, 8LM, EV 88.1 MPH)
Batting: RHB Dave Burwell 0-0: Foul Ball, location: 2F
0-1: Called Strike
0-2: Ball
1-2: Strikes out swinging
Bottom of the 1st over - 0 runs, 0 hits, 0 errors, 0 left on base; Charlotte 1 - Pawtucket 0
TOP OF THE 2ND
Charlotte Knights batting - Pitching for Pawtucket Red Sox : RHP Justin Stinson
Batting: SHB Josh Conner 0-0: Ball
1-0: Ball
2-0: Called Strike
2-1: Foul Ball, location: 2F
2-2: Foul Ball, location: 2F
2-2: Ground out 2-3 (Groundball, 2R, EV 64.4 MPH)
Batting: LHB Noel Wilson 0-0: Ball
1-0: Ground out 3-1 (Groundball, 34, EV 79.4 MPH)
Batting: RHB Steve Waltenbery 0-0: SINGLE (Groundball, 34, EV 107.5 MPH)
Batting: RHB Jose Marquez 0-0: Ball
1-0: Fielders Choice at 2nd, 5-4 (Groundball, 5, EV 80.6 MPH)
Top of the 2nd over - 0 runs, 1 hit, 0 errors, 1 left on base; Charlotte 1 - Pawtucket 0
BOTTOM OF THE 2ND
Pawtucket Red Sox batting - Pitching for Charlotte Knights : LHP Jamie Blake
Batting: SHB Willie Koviak 0-0: SINGLE (Groundball, 56D, EV 108.8 MPH)
Batting: RHB John Chiesa 0-0: Ball
1-0: Called Strike
1-1: Fielders Choice at 2nd, 1-4 (Groundball, 15S, EV 70.0 MPH)
Batting: RHB Andy Garvin 0-0: Called Strike
0-1: Foul Ball, location: 2F
0-2: Strikes out swinging
Batting: RHB Joe Evrard 0-0: Ball
John Chiesa steals 2nd base
1-0: Ball
2-0: Called Strike
2-1: Called Strike
2-2: Ground out 4-3 (Groundball, 34D, EV 82.5 MPH)
Bottom of the 2nd over - 0 runs, 1 hit, 0 errors, 1 left on base; Charlotte 1 - Pawtucket 0
TOP OF THE 3RD
Charlotte Knights batting - Pitching for Pawtucket Red Sox : RHP Justin Stinson
Batting: RHB Jeremy Hoffert 0-0: Called Strike
0-1: Ball
1-1: Ground out 4-3 (Groundball, 4M, EV 92.5 MPH)
Batting: LHB Justin Stickney 0-0: Ball
1-0: Ball
2-0: Ball
3-0: Base on Balls
Batting: SHB Ruben Velasco Jr. 0-0: Ball
1-0: Ball
2-0: Foul Ball, location: 2F
2-1: Hit by Pitch
Justin Stickney to second
Batting: RHB Mark Jones 0-0: Ball
1-0: Foul Ball, location: 2F
1-1: Ball
2-1: Ball
3-1: Called Strike
3-2: Strikes out swinging
Batting: LHB John Thurman 0-0: Called Strike
0-1: Ball
1-1: Swinging Strike
1-2: Ball
2-2: Strikes out swinging
Top of the 3rd over - 0 runs, 0 hits, 0 errors, 2 left on base; Charlotte 1 - Pawtucket 0
BOTTOM OF THE 3RD
Pawtucket Red Sox batting - Pitching for Charlotte Knights : LHP Jamie Blake
Batting: LHB Zack Guillen 0-0: Called Strike
0-1: Swinging Strike
0-2: Ball
1-2: Ball
2-2: Ball
3-2: Fly out, F2 (Popup, 25F, EV 80.0 MPH)
Batting: RHB Carlos Nolasco 0-0: Ball
1-0: Ball
2-0: Ball
3-0: Called Strike
3-1: Base on Balls
Batting: RHB Matt Hinkle 0-0: Ball
1-0: Called Strike
1-1: Ball
2-1: Grounds into double play, 6-4-3 (Groundball, 6S, EV 82.5 MPH)
Bottom of the 3rd over - 0 runs, 0 hits, 0 errors, 0 left on base; Charlotte 1 - Pawtucket 0
TOP OF THE 4TH
Charlotte Knights batting - Pitching for Pawtucket Red Sox : RHP Justin Stinson
Batting: SHB Josh Conner 0-0: Ball
1-0: Ball
2-0: Foul Ball, location: 2F
2-1: Foul Ball, location: 2F
2-2: Ball
3-2: Base on Balls
Batting: LHB Noel Wilson 0-0: Called Strike
0-1: SINGLE (Line Drive, 89S, EV 103.1 MPH)
Josh Conner to second
Batting: RHB Steve Waltenbery 0-0: Ball
1-0: Fly out, F8 (Flyball, 89M, EV 96.9 MPH)
Runner from 2nd tags up, SAFE at 3rd with throw by CF
Batting: RHB Jose Marquez 0-0: Ball
1-0: Called Strike
1-1: Ball
2-1: Ball
3-1: Base on Balls
Noel Wilson to second
Batting: RHB Jeremy Hoffert 0-0: Called Strike
0-1: Ball
1-1: Swinging Strike
1-2: Ball
2-2: Strikes out swinging
Batting: LHB Justin Stickney 0-0: Ball
1-0: DOUBLE (Line Drive, 89D, EV 106.2 MPH)
Josh Conner scores
Noel Wilson scores
Jose Marquez to third
Runner from 3rd tries for Home, SAFE, no throw by RF
Batting: SHB Ruben Velasco Jr. 0-0: Foul Ball, location: 2F
0-1: Foul Ball, location: 2F
0-2: Ball
1-2: Strikes out looking
Top of the 4th over - 3 runs, 2 hits, 0 errors, 1 left on base; Charlotte 4 - Pawtucket 0
BOTTOM OF THE 4TH
Pawtucket Red Sox batting - Pitching for Charlotte Knights : LHP Jamie Blake
Batting: RHB Roberto Morales 0-0: Called Strike
0-1: Called Strike
0-2: Fly out, F6 (Popup, 6MS, EV 83.8 MPH)
Batting: RHB Dave Burwell 0-0: Ball
1-0: Ball
2-0: Ball
3-0: Called Strike
3-1: Foul Ball, location: 2F
3-2: Ground out 6-3 (Groundball, 56, EV 85.6 MPH)
Batting: SHB Willie Koviak 0-0: Fly out, F8 (Flyball, 8RXD, EV 103.8 MPH)
Bottom of the 4th over - 0 runs, 0 hits, 0 errors, 0 left on base; Charlotte 4 - Pawtucket 0
TOP OF THE 5TH
Charlotte Knights batting - Pitching for Pawtucket Red Sox : RHP Justin Stinson
Batting: RHB Mark Jones 0-0: Called Strike
0-1: Foul Ball, location: 2F
0-2: SOLO HOME RUN (Flyball, 7LD, EV 91.9 MPH), Distance : 347 ft
Pitching: RHP Danny Klomp
Batting: LHB John Thurman 0-0: Called Strike
0-1: Ground out U3 (Groundball, 3, EV 79.4 MPH)
Batting: SHB Josh Conner 0-0: Called Strike
0-1: Fly out, F6 (Popup, 6MD, EV 50.0 MPH)
Batting: LHB Noel Wilson 0-0: Ball
1-0: Ball
2-0: Ball
3-0: Called Strike
3-1: Foul Ball, location: 2F
3-2: Ground out 5-3 (Groundball, 5, EV 88.8 MPH)
Top of the 5th over - 1 run, 1 hit, 0 errors, 0 left on base; Charlotte 5 - Pawtucket 0
BOTTOM OF THE 5TH
Pawtucket Red Sox batting - Pitching for Charlotte Knights : LHP Jamie Blake
Batting: RHB John Chiesa 0-0: Ball
1-0: Fly out, F2 (Popup, 2RF, EV 91.9 MPH)
Batting: RHB Andy Garvin 0-0: Foul Ball, location: 2F
0-1: Ball
1-1: Ground out 5-3 (Groundball, 56, EV 90.6 MPH)
Batting: RHB Joe Evrard 0-0: Ball
1-0: SINGLE (Groundball, 34D, EV 98.1 MPH)
Batting: LHB Zack Guillen 0-0: Ball
1-0: Fly out, F9 (Line Drive, 9, EV 103.1 MPH)
Bottom of the 5th over - 0 runs, 1 hit, 0 errors, 1 left on base; Charlotte 5 - Pawtucket 0
TOP OF THE 6TH
Charlotte Knights batting - Pitching for Pawtucket Red Sox : RHP Danny Klomp
Batting: RHB Steve Waltenbery 0-0: Swinging Strike
0-1: Ball
1-1: Called Strike
1-2: Strikes out looking
Batting: RHB Jose Marquez 0-0: Ball
1-0: Called Strike
1-1: Foul Ball, location: 2F
1-2: Foul Ball, location: 2F
1-2: Strikes out swinging
Batting: RHB Jeremy Hoffert 0-0: Ground out 5-3 (Groundball, 56, EV 80.6 MPH)
Top of the 6th over - 0 runs, 0 hits, 0 errors, 0 left on base; Charlotte 5 - Pawtucket 0
BOTTOM OF THE 6TH
Pawtucket Red Sox batting - Pitching for Charlotte Knights : LHP Jamie Blake
Batting: RHB Carlos Nolasco 0-0: Fly out, F8 (Flyball, 8LS, EV 88.1 MPH)
Batting: RHB Matt Hinkle 0-0: Ball
1-0: Ball
2-0: Swinging Strike
2-1: Foul Ball, location: 2F
2-2: Strikes out swinging
Batting: RHB Roberto Morales 0-0: Ball
1-0: Ball
2-0: SOLO HOME RUN (Flyball, 7D, EV 98.1 MPH), Distance : 371 ft
Batting: RHB Dave Burwell 0-0: Called Strike
0-1: Ball
1-1: Called Strike
1-2: Ground out U3 (Groundball, 3, EV 80.6 MPH)
Bottom of the 6th over - 1 run, 1 hit, 0 errors, 0 left on base; Charlotte 5 - Pawtucket 1
TOP OF THE 7TH
Charlotte Knights batting - Pitching for Pawtucket Red Sox : RHP Danny Klomp
Batting: LHB Justin Stickney 0-0: Ball
1-0: Ball
2-0: Swinging Strike
2-1: Swinging Strike
2-2: Ball
3-2: Strikes out swinging
Batting: SHB Ruben Velasco Jr. 0-0: Foul Ball, location: 2F
0-1: Called Strike
0-2: Ball
1-2: SINGLE (Groundball, 34D, EV 95.6 MPH)
Batting: RHB Mark Jones 0-0: Called Strike
0-1: Called Strike
0-2: Foul Ball, location: 2F
0-2: Foul Ball, location: 2F
0-2: Foul Ball, location: 2F
0-2: Strikes out swinging
Batting: LHB John Thurman 0-0: Called Strike
0-1: Ground out U3 (Groundball, 3, EV 103.8 MPH)
Top of the 7th over - 0 runs, 1 hit, 0 errors, 1 left on base; Charlotte 5 - Pawtucket 1
BOTTOM OF THE 7TH
Pawtucket Red Sox batting - Pitching for Charlotte Knights : LHP Jamie Blake
Now at 1B: Olaf Zoeteman
Batting: SHB Willie Koviak 0-0: Called Strike
0-1: Foul Ball, location: 2F
0-2: SINGLE (Line Drive, 34, EV 108.1 MPH)
Batting: RHB John Chiesa 0-0: Foul Ball, location: 2F
0-1: Swinging Strike
0-2: Ball
1-2: Ground out 6-3 (Groundball, 6M, EV 102.5 MPH)
Willie Koviak to second
Batting: RHB Andy Garvin 0-0: Foul Ball, location: 2F
0-1: Ball
1-1: Foul Ball, location: 2F
1-2: Ball
2-2: Strikes out swinging
Batting: RHB Joe Evrard 0-0: Called Strike
0-1: Foul Ball, location: 2F
0-2: Ball
1-2: Ball
2-2: Ball
3-2: Base on Balls
Batting: LHB Zack Guillen 0-0: Ball
1-0: Ball
2-0: Ball
3-0: Base on Balls
Willie Koviak to third
Joe Evrard to second
Pitching: RHP Jesus Griego
Batting: RHB Carlos Nolasco 0-0: Called Strike
0-1: Ball
1-1: Fly out, F8 (Flyball, 8RM, EV 96.9 MPH)
Bottom of the 7th over - 0 runs, 1 hit, 0 errors, 3 left on base; Charlotte 5 - Pawtucket 1
TOP OF THE 8TH
Charlotte Knights batting - Pitching for Pawtucket Red Sox : RHP Danny Klomp
Pitching: RHP Billy Fitzgerald
Batting: SHB Josh Conner 0-0: Called Strike
0-1: Foul Ball, location: 2F
0-2: Ball
1-2: Ball
2-2: Ground out 4-3 (Groundball, 34, EV 100.6 MPH)
Batting: LHB Noel Wilson 0-0: Called Strike
0-1: Ground out 5-3 (Groundball, 56, EV 102.5 MPH)
Batting: RHB Steve Waltenbery 0-0: DOUBLE (Line Drive, 89D, EV 100.0 MPH)
Batting: RHB Jose Marquez 0-0: Called Strike
0-1: SINGLE (Groundball, 56D, EV 95.0 MPH)
Steve Waltenbery to third
Batting: RHB Jeremy Hoffert 0-0: Called Strike
0-1: Ball
1-1: Ground out 2-3 (Groundball, 13S, EV 67.5 MPH)
Top of the 8th over - 0 runs, 2 hits, 0 errors, 2 left on base; Charlotte 5 - Pawtucket 1
BOTTOM OF THE 8TH
Pawtucket Red Sox batting - Pitching for Charlotte Knights : RHP Jesus Griego
Batting: RHB Matt Hinkle 0-0: Ball
1-0: DOUBLE (Line Drive, 5D, EV 100.0 MPH)
Batting: RHB Roberto Morales 0-0: Ball
1-0: Ball
2-0: Ball
3-0: Base on Balls
Batting: RHB Dave Burwell 0-0: Called Strike
0-1: Foul Ball, location: 2F
0-2: Ball
1-2: Grounds into double play, 5-4-3 (Groundball, 5, EV 93.8 MPH)
Matt Hinkle to third
Batting: SHB Willie Koviak 0-0: Called Strike
0-1: Foul Ball, location: 2F
0-2: DOUBLE (Flyball, 89XD, EV 108.1 MPH)
Matt Hinkle scores
Batting: RHB John Chiesa 0-0: Ball
1-0: Ball
2-0: Ball
3-0: Called Strike
3-1: Swinging Strike
3-2: Foul Ball, location: 2F
3-2: Fly out, F9 (Line Drive, 89S, EV 106.9 MPH)
Bottom of the 8th over - 1 run, 2 hits, 0 errors, 1 left on base; Charlotte 5 - Pawtucket 2
TOP OF THE 9TH
Charlotte Knights batting - Pitching for Pawtucket Red Sox : RHP Billy Fitzgerald
Batting: SHB Olaf Zoeteman 0-0: Swinging Strike
0-1: Called Strike
0-2: Strikes out swinging
Batting: SHB Ruben Velasco Jr. 0-0: Foul Ball, location: 2F
0-1: Fly out, F7 (Flyball, 7, EV 97.5 MPH)
Batting: RHB Mark Jones 0-0: Ball
1-0: Foul Ball, location: 2F
1-1: Foul Ball, location: 2F
1-2: Ball
2-2: Strikes out swinging
Top of the 9th over - 0 runs, 0 hits, 0 errors, 0 left on base; Charlotte 5 - Pawtucket 2
BOTTOM OF THE 9TH
Pawtucket Red Sox batting - Pitching for Charlotte Knights : RHP Jesus Griego
Pitching: RHP Tommy Benedict
Batting: RHB Andy Garvin 0-0: Called Strike
0-1: Ball
1-1: Ball
2-1: Foul Ball, location: 2F
2-2: Foul Ball, location: 2F
2-2: Fly out, F9 (Line Drive, 89S, EV 94.4 MPH)
Pinch Hitting: LHB David Moore 0-0: Ball
1-0: Swinging Strike
1-1: Ground out 4-3 (Groundball, 4M, EV 79.4 MPH)
Batting: LHB Zack Guillen 0-0: Fly out, F9 (Flyball, 9, EV 89.4 MPH)
Bottom of the 9th over - 0 runs, 0 hits, 0 errors, 0 left on base; Charlotte 5 - Pawtucket 2
Sunday, July 16th , 2023 - OOTP Baseball 24.6 Build 69